TOP OF THE 1ST |
Birmingham Steeldogs batting - Pitching for Los Cabos Cartel : RHP Vicente Durán
|
Pitching: RHP Vicente Durán
|
|
Batting: RHB Nick Webb
|
0-0: Swinging Strike 0-1: Ball 1-1: Ball 2-1: Foul Ball, location: 2F 2-2: Fly out, F6 (Popup, 4M)
|
Batting: LHB Glenn Garrett
|
0-0: Called Strike 0-1: Ball 1-1: Foul Ball, location: 2F 1-2: SINGLE (Groundball, 3L)
|
Pitching: LHP Jung-keun Yi
|
|
Batting: LHB Chris Miller
|
0-0: Ball 1-0: Ball 2-0: Ball 3-0: Called Strike 3-1: Ground out 5-3 (Groundball, 5S) Glenn Garrett to second
|
Batting: LHB Arturo Molina
|
0-0: Called Strike 0-1: Ball 1-1: Foul Ball, location: 2F 1-2: Foul Ball, location: 2F 1-2: Ball 2-2: 2-RUN HOME RUN (Flyball, 8RXD), Distance : 436 ft
|
Batting: RHB Raúl Soto
|
0-0: Ball 1-0: Ball 2-0: Ball 3-0: Called Strike 3-1: Ground out 5-3 (Groundball, 5)
|
Top of the 1st over - 2 run(s), 2 hit(s), 0 error(s), 0 left on base; Birmingham 2 - Los Cabos 0 |
BOTTOM OF THE 1ST |
Los Cabos Cartel batting - Pitching for Birmingham Steeldogs : RHP Albert Gonzáles
|
Pitching: RHP Albert Gonzáles
|
|
Batting: LHB Luis González
|
0-0: Ball 1-0: Ball 2-0: Ball 3-0: Called Strike 3-1: Base on Balls
|
Batting: RHB Gerardo Escobedo
|
0-0: Foul Ball, location: 2F 0-1: Ball 1-1: Ball 2-1: Fly out, F8 (Line Drive, 8RD)
|
Batting: SHB Julián Madrid
|
0-0: Ball Luis González is caught stealing 2nd base 1-0: Foul Ball, location: 2F 1-1: Foul Ball, location: 2F 1-2: Hit by Pitch
|
Batting: LHB José Rivas
|
0-0: Ground out 4-3 (Groundball, 4)
|
Bottom of the 1st over - 0 run(s), 0 hit(s), 0 error(s), 1 left on base; Birmingham 2 - Los Cabos 0 |
TOP OF THE 2ND |
Birmingham Steeldogs batting - Pitching for Los Cabos Cartel : LHP Jung-keun Yi
|
Batting: LHB Mitchell Oglethorpe
|
0-0: Foul Ball, location: 2F 0-1: Ball 1-1: Ball 2-1: Fly out, F7 (Flyball, 78S)
|
Batting: LHB José Sánchez
|
0-0: Called Strike 0-1: Foul Ball, location: 2F 0-2: Ground out 3-1 (Groundball, 34)
|
Batting: RHB Eric Johnson
|
0-0: DOUBLE (Line Drive, 7LD)
|
Batting: LHB José Martínez
|
0-0: Called Strike 0-1: Ball 1-1: Ground out 1-3 (Groundball, 15)
|
Top of the 2nd over - 0 run(s), 1 hit(s), 0 error(s), 1 left on base; Birmingham 2 - Los Cabos 0 |
BOTTOM OF THE 2ND |
Los Cabos Cartel batting - Pitching for Birmingham Steeldogs : RHP Albert Gonzáles
|
Batting: RHB Stephen Wilson
|
0-0: Called Strike 0-1: Fly out, F9 (Flyball, 9D)
|
Batting: LHB Miguel Rivería
|
0-0: Called Strike 0-1: Ball 1-1: Fly out, F8 (Flyball, 8LD)
|
Batting: RHB António Magana
|
0-0: Called Strike 0-1: Ball 1-1: Foul Ball, location: 2F 1-2: SINGLE (Line Drive, 4MD)
|
Batting: LHB Manny Quiñones
|
0-0: Fly out, F7 (Flyball, 7D)
|
Bottom of the 2nd over - 0 run(s), 1 hit(s), 0 error(s), 1 left on base; Birmingham 2 - Los Cabos 0 |
TOP OF THE 3RD |
Birmingham Steeldogs batting - Pitching for Los Cabos Cartel : LHP Jung-keun Yi
|
Batting: RHB Nick Webb
|
0-0: Ball 1-0: Foul Ball, location: 2F 1-1: SINGLE (Line Drive, 7S)
|
Batting: LHB Glenn Garrett
|
0-0: Ball 1-0: Foul Ball, location: 2F 1-1: Ball 2-1: SINGLE (Flyball, 89S) Nick Webb to second Runner from 2nd tries for 3rd, SAFE, no throw or cutoff
|
Batting: LHB Chris Miller
|
0-0: Ball 1-0: Called Strike 1-1: Fly out, F7 (Flyball, 7M) Runner from 3rd tags up, SCORES, no throw
|
Batting: LHB Arturo Molina
|
0-0: Ball 1-0: Called Strike 1-1: Called Strike 1-2: Fly out, F7 (Flyball, 7M)
|
Batting: RHB Raúl Soto
|
0-0: Ball Glenn Garrett steals 2nd base 1-0: Ground out 6-3 (Groundball, 6M)
|
Top of the 3rd over - 1 run(s), 2 hit(s), 0 error(s), 1 left on base; Birmingham 3 - Los Cabos 0 |
BOTTOM OF THE 3RD |
Los Cabos Cartel batting - Pitching for Birmingham Steeldogs : RHP Albert Gonzáles
|
Batting: RHB Oliver Hernández
|
0-0: Called Strike 0-1: Foul Ball, location: 2F 0-2: SINGLE (Line Drive, 89S)
|
Batting: LHB Luis González
|
Balk! Oliver Hernández to second 0-0: Swinging Strike 0-1: Ball 1-1: Ball 2-1: Foul Ball, location: 2F 2-2: DOUBLE (Line Drive, 9LS) Oliver Hernández scores
|
Batting: RHB Gerardo Escobedo
|
0-0: Ball 1-0: Ground out 5-3 (Groundball, 56)
|
Batting: SHB Julián Madrid
|
0-0: Called Strike 0-1: Ball 1-1: Ball 2-1: SINGLE (Line Drive, 7LS) Luis González to third
|
Batting: LHB José Rivas
|
0-0: Foul Ball, location: 2F 0-1: Swinging Strike 0-2: Grounds into double play, U4-3 (Groundball, 4)
|
Bottom of the 3rd over - 1 run(s), 3 hit(s), 0 error(s), 1 left on base; Birmingham 3 - Los Cabos 1 |
TOP OF THE 4TH |
Birmingham Steeldogs batting - Pitching for Los Cabos Cartel : LHP Jung-keun Yi
|
Batting: LHB Mitchell Oglethorpe
|
0-0: Swinging Strike 0-1: Ground out 4-3 (Groundball, 4)
|
Batting: LHB José Sánchez
|
0-0: Called Strike 0-1: Fly out, F9 (Flyball, 9S)
|
Batting: RHB Eric Johnson
|
0-0: Ball 1-0: Ball 2-0: Ground out 4-3 (Groundball, 4)
|
Top of the 4th over - 0 run(s), 0 hit(s), 0 error(s), 0 left on base; Birmingham 3 - Los Cabos 1 |
BOTTOM OF THE 4TH |
Los Cabos Cartel batting - Pitching for Birmingham Steeldogs : RHP Albert Gonzáles
|
Batting: RHB Stephen Wilson
|
0-0: Ball 1-0: SINGLE (Line Drive, 6MD)
|
Batting: LHB Miguel Rivería
|
0-0: Ball 1-0: Called Strike 1-1: SINGLE (Groundball, 34) Stephen Wilson to second Throwing error, E9 Stephen Wilson scores Miguel Rivería to second
|
Batting: RHB António Magana
|
0-0: Ball 1-0: Ball 2-0: Called Strike 2-1: Foul Ball, location: 2F 2-2: Foul Ball, location: 2F 2-2: Strikes out swinging
|
Batting: LHB Manny Quiñones
|
0-0: Ball 1-0: Called Strike 1-1: Foul Ball, location: 2F 1-2: Ball 2-2: Foul Ball, location: 2F 2-2: Ball 3-2: Ground out 3-1 (Groundball, 34) Miguel Rivería to third
|
Batting: RHB Oliver Hernández
|
0-0: Called Strike 0-1: Fly out, F7 (Flyball, 7LS)
|
Bottom of the 4th over - 1 run(s), 2 hit(s), 1 error(s), 1 left on base; Birmingham 3 - Los Cabos 2 |
TOP OF THE 5TH |
Birmingham Steeldogs batting - Pitching for Los Cabos Cartel : LHP Jung-keun Yi
|
Batting: LHB José Martínez
|
0-0: SOLO HOME RUN (Line Drive, 9D), Distance : 408 ft
|
Pitching: RHP Pedro Magana
|
|
Batting: RHB Nick Webb
|
0-0: Ground out 2-3 (Groundball, 2L)
|
Batting: LHB Glenn Garrett
|
0-0: Called Strike 0-1: Ball 1-1: Ball 2-1: Ball 3-1: Base on Balls
|
Batting: LHB Chris Miller
|
0-0: Ball 1-0: Called Strike 1-1: Ball 2-1: Ball 3-1: Swinging Strike 3-2: Strikes out swinging
|
Batting: LHB Arturo Molina
|
0-0: Called Strike Glenn Garrett is caught stealing 2nd base
|
Top of the 5th over - 1 run(s), 1 hit(s), 0 error(s), 0 left on base; Birmingham 4 - Los Cabos 2 |
BOTTOM OF THE 5TH |
Los Cabos Cartel batting - Pitching for Birmingham Steeldogs : RHP Albert Gonzáles
|
Batting: LHB Luis González
|
0-0: Ball 1-0: Foul Ball, location: 2F 1-1: Ball 2-1: Ball 3-1: Called Strike 3-2: Fly out, F8 (Flyball, 8LM)
|
Batting: RHB Gerardo Escobedo
|
0-0: Ball 1-0: Called Strike 1-1: Swinging Strike 1-2: Strikes out swinging
|
Batting: SHB Julián Madrid
|
0-0: Ball 1-0: Ball 2-0: Called Strike 2-1: Foul Ball, location: 2F 2-2: Foul Ball, location: 2F 2-2: Foul Ball, location: 2F 2-2: Foul Ball, location: 2F 2-2: Strikes out swinging
|
Bottom of the 5th over - 0 run(s), 0 hit(s), 0 error(s), 0 left on base; Birmingham 4 - Los Cabos 2 |
TOP OF THE 6TH |
Birmingham Steeldogs batting - Pitching for Los Cabos Cartel : RHP Pedro Magana
|
Batting: LHB Arturo Molina
|
0-0: Ball 1-0: Ball 2-0: Ball 3-0: Base on Balls
|
Batting: RHB Raúl Soto
|
0-0: Ball 1-0: Swinging Strike 1-1: Ball 2-1: Called Strike 2-2: Strikes out swinging
|
Batting: LHB Mitchell Oglethorpe
|
0-0: Called Strike 0-1: Ball 1-1: Foul Ball, location: 2F 1-2: SINGLE (Flyball, 78S) Arturo Molina to second
|
Pitching: RHP Anastasio Freitas
|
|
Batting: LHB José Sánchez
|
0-0: Called Strike 0-1: Ground out 3-1 (Groundball, 34) Arturo Molina to third Mitchell Oglethorpe to second
|
Pitching: RHP Rex Welch
|
|
Batting: RHB Eric Johnson
|
0-0: Fly out, F8 (Flyball, 8RM)
|
Top of the 6th over - 0 run(s), 1 hit(s), 0 error(s), 2 left on base; Birmingham 4 - Los Cabos 2 |
BOTTOM OF THE 6TH |
Los Cabos Cartel batting - Pitching for Birmingham Steeldogs : RHP Albert Gonzáles
|
Batting: LHB José Rivas
|
0-0: Ball 1-0: Ground out 4-3 (Groundball, 4)
|
Batting: RHB Stephen Wilson
|
0-0: Ball 1-0: Foul Ball, location: 2F 1-1: SINGLE (Line Drive, 78M)
|
Batting: LHB Miguel Rivería
|
0-0: Ball 1-0: Ground out 3-1 (Groundball, 34) Stephen Wilson to second
|
Batting: RHB António Magana
|
0-0: Foul Ball, location: 2F 0-1: Ball 1-1: SINGLE (Flyball, 7LM) Stephen Wilson to third Runner from 3rd tries for Home, throw and OUT!
|
Bottom of the 6th over - 0 run(s), 2 hit(s), 0 error(s), 1 left on base; Birmingham 4 - Los Cabos 2 |
TOP OF THE 7TH |
Birmingham Steeldogs batting - Pitching for Los Cabos Cartel : RHP Rex Welch
|
Batting: LHB José Martínez
|
0-0: Ball 1-0: Swinging Strike 1-1: Called Strike 1-2: Strikes out looking
|
Batting: RHB Nick Webb
|
0-0: Ball 1-0: Called Strike 1-1: Ground out 6-3 (Groundball, 6M)
|
Batting: LHB Glenn Garrett
|
0-0: Foul Ball, location: 2F 0-1: Fly out, F6 (Popup, 6MD)
|
Top of the 7th over - 0 run(s), 0 hit(s), 0 error(s), 0 left on base; Birmingham 4 - Los Cabos 2 |
BOTTOM OF THE 7TH |
Los Cabos Cartel batting - Pitching for Birmingham Steeldogs : RHP Albert Gonzáles
|
Batting: LHB Manny Quiñones
|
0-0: Ball 1-0: Foul Ball, location: 2F 1-1: Foul Ball, location: 2F 1-2: Strikes out looking
|
Batting: RHB Oliver Hernández
|
0-0: Called Strike 0-1: Ball 1-1: Swinging Strike 1-2: Ball 2-2: Strikes out swinging
|
Batting: LHB Luis González
|
0-0: Called Strike 0-1: Ball 1-1: Foul Ball, location: 2F 1-2: Strikes out swinging
|
Bottom of the 7th over - 0 run(s), 0 hit(s), 0 error(s), 0 left on base; Birmingham 4 - Los Cabos 2 |
TOP OF THE 8TH |
Birmingham Steeldogs batting - Pitching for Los Cabos Cartel : RHP Rex Welch
|
Batting: LHB Chris Miller
|
0-0: Foul Ball, location: 2F 0-1: Ball 1-1: Ball 2-1: SINGLE (Line Drive, 6D)
|
Batting: LHB Arturo Molina
|
0-0: Ball 1-0: Fly out, F6 (Popup, 6M)
|
Batting: RHB Raúl Soto
|
0-0: Called Strike 0-1: SINGLE (Groundball, 34S) Chris Miller to second Runner from 2nd tries for 3rd, SAFE, throw made to third
|
Batting: LHB Mitchell Oglethorpe
|
0-0: Ball 1-0: Swinging Strike 1-1: Ball 2-1: Ball 3-1: Base on Balls Raúl Soto to second
|
Batting: LHB José Sánchez
|
0-0: Ball 1-0: Called Strike 1-1: Ball 2-1: Ball 3-1: Base on Balls Chris Miller scores Raúl Soto to third Mitchell Oglethorpe to second
|
Pitching: RHP Yajirobei Endo
|
|
Pinch Hitting: RHB Valentín Borges
|
0-0: Ball 1-0: Called Strike 1-1: Ball 2-1: Called Strike 2-2: Strikes out looking
|
Batting: LHB José Martínez
|
0-0: Called Strike 0-1: SINGLE (Line Drive, 56) Raúl Soto scores Mitchell Oglethorpe to third José Sánchez to second
|
Batting: RHB Nick Webb
|
0-0: Reached on error, E6 (Groundball, 6) Mitchell Oglethorpe scores José Sánchez to third José Martínez to second
|
Batting: LHB Glenn Garrett
|
0-0: Ball 1-0: Ball 2-0: Ball 3-0: Base on Balls José Sánchez scores José Martínez to third Nick Webb to second
|
Batting: LHB Chris Miller
|
0-0: Called Strike 0-1: Ball 1-1: Foul Ball, location: 2F 1-2: Foul Ball, location: 2F 1-2: Fielders Choice at 2nd, U6 (Groundball, 6M)
|
Top of the 8th over - 4 run(s), 3 hit(s), 1 error(s), 3 left on base; Birmingham 8 - Los Cabos 2 |
BOTTOM OF THE 8TH |
Los Cabos Cartel batting - Pitching for Birmingham Steeldogs : RHP Albert Gonzáles
|
Pitching: RHP Pete Cook
|
|
Now in RF: Lorenzo Martínez
|
|
Batting: RHB Gerardo Escobedo
|
0-0: Called Strike 0-1: Swinging Strike 0-2: Ball 1-2: Foul Ball, location: 2F 1-2: Strikes out looking
|
Batting: SHB Julián Madrid
|
0-0: Called Strike 0-1: Ball 1-1: Ball 2-1: Ball 3-1: Base on Balls
|
Batting: LHB José Rivas
|
0-0: Ball 1-0: Foul Ball, location: 2F 1-1: Ball 2-1: Foul Ball, location: 2F 2-2: Ball 3-2: Foul Ball, location: 2F 3-2: Base on Balls Julián Madrid to second
|
Batting: RHB Stephen Wilson
|
0-0: Ball 1-0: Ball 2-0: Swinging Strike 2-1: Foul Ball, location: 2F 2-2: Ball 3-2: Ground out 5-3 (Groundball, 5S) Julián Madrid to third José Rivas to second
|
Batting: LHB Miguel Rivería
|
0-0: Ball 1-0: Called Strike 1-1: Ball 2-1: Ball 3-1: Foul Ball, location: 2F 3-2: Base on Balls
|
Batting: RHB António Magana
|
0-0: Called Strike 0-1: GRAND SLAM HOME RUN (Flyball, 78XD), Distance : 410 ft
|
Batting: LHB Manny Quiñones
|
0-0: Ball 1-0: Swinging Strike 1-1: Ball 2-1: Foul Ball, location: 2F 2-2: Strikes out swinging
|
Bottom of the 8th over - 4 run(s), 1 hit(s), 0 error(s), 0 left on base; Birmingham 8 - Los Cabos 6 |
TOP OF THE 9TH |
Birmingham Steeldogs batting - Pitching for Los Cabos Cartel : RHP Yajirobei Endo
|
Batting: LHB Arturo Molina
|
0-0: Ball 1-0: Ball 2-0: Foul Ball, location: 2F 2-1: Foul Ball, location: 2F 2-2: Strikes out looking
|
Batting: RHB Raúl Soto
|
0-0: Called Strike 0-1: Ball 1-1: Ground out 5-3 (Groundball, 56)
|
Batting: LHB Mitchell Oglethorpe
|
0-0: Ball 1-0: Ball 2-0: Ball 3-0: DOUBLE (Line Drive, 9LD)
|
Pitching: LHP António Martínez
|
|
Batting: LHB José Sánchez
|
0-0: Called Strike 0-1: Ground out U3 (Groundball, 3S)
|
Top of the 9th over - 0 run(s), 1 hit(s), 0 error(s), 1 left on base; Birmingham 8 - Los Cabos 6 |
BOTTOM OF THE 9TH |
Los Cabos Cartel batting - Pitching for Birmingham Steeldogs : RHP Pete Cook
|
Pitching: RHP David Simpson
|
|
Now at 1B: Júlio Pacheco
|
|
Batting: RHB Oliver Hernández
|
0-0: Ball 1-0: Called Strike 1-1: Foul Ball, location: 2F 1-2: Foul Ball, location: 2F 1-2: Ball 2-2: Ball 3-2: SINGLE (Line Drive, 4D)
|
Batting: LHB Luis González
|
0-0: Ball 1-0: Swinging Strike 1-1: Called Strike 1-2: Strikes out swinging
|
Pinch Hitting: RHB Wilbert Rodgers
|
0-0: Ball 1-0: Fly out, F8 (Flyball, 8RD)
|
Batting: SHB Julián Madrid
|
0-0: Foul Ball, location: 2F 0-1: Ball 1-1: Fly out, F8 (Line Drive, 8LD)
|
Bottom of the 9th over - 0 run(s), 1 hit(s), 0 error(s), 1 left on base; Birmingham 8 - Los Cabos 6 |
|